Map: Overgrowth LE (Void)

Players

loyzn

  • Race: Terran Terran
  • League: Diamond
  • Spawn Location: 7:00

Musumeci - Winner!

  • Race: Zerg Zerg
  • League: Diamond
  • Spawn Location: 1:00

VOD

Have the link to the VOD?

Description

Time

  • Played on: Jan. 15, 2017, 1:47 p.m.
  • Length: 18:48
Show
View Real Time Build Order
Export as new Build Order

loyzn Terran 

Build Orders: Cyclone Opening, Reaper Expand 

Get SALT Encoding   

  12  0:01  SCV  
  13  0:13  SCV  
  14  0:17  Supply Depot  
  14  0:25  SCV  
  15  0:34  Refinery  
  15  0:39  SCV  
  16  0:45  Barracks  
  16  0:51  SCV  
  17  1:03  SCV  
  18  1:15  SCV  
  19  1:32  Orbital Command, Reaper  
  20  1:42  Command Center  
  20  1:54  Factory  
  20  2:00  Refinery, SCV  
  21  2:11  Supply Depot  
  21  2:15  SCV  
  22  2:17  Barracks Reactor  
  22  2:27  SCV  
  21  2:38  Bunker  
  21  2:40  Cyclone  
  23  2:56  Marine x2  
  23  2:57  SCV  
  23  3:38  Cyclone  
  23  3:39  Marine  
  23  3:41  SCV  
  27  3:57  Marine  
  21  4:10  Cyclone  
  18  4:26  Marine  
  18  4:28  SCV  
  18  4:41  SCV  
  18  4:44  Marine  
  16  4:56  SCV  
  17  5:02  Barracks Reactor  
  17  5:09  SCV  
  18  5:21  SCV  
  19  5:27  Cyclone  
  22  5:33  Barracks  
  22  5:34  Starport  
  22  5:35  Supply Depot  
  22  5:36  Orbital Command  
  22  5:42  Marine  
  23  5:47  Marine  
  24  5:50  SCV  
  25  6:01  Factory Tech Lab  
  25  6:02  SCV  
  26  6:06  SCV  
  26  6:10  Marine  
  28  6:13  Marine  
  29  6:20  Medivac  
  29  6:22  SCV  
  32  6:28  SCV  
  33  6:33  Marine x2  
  33  6:35  Barracks Tech Lab  
  33  6:37  SCV  
  36  6:44  Cyclone  
  36  6:46  SCV  
  40  6:52  Supply Depot  
  40  7:06  Marine  
  40  7:07  Marine x2  
  43  7:12  SCV x2  
  45  7:18  Siege Tank  
  48  7:24  SCV x2, Marine, Stimpack  
  48  7:29  Marine x2  
  53  7:32  Starport Reactor  
  53  7:36  SCV  
  54  7:38  SCV  
  54  7:44  Marine  
  56  7:48  SCV  
  56  7:50  SCV  
  58  7:54  Marine x2  
  59  8:00  SCV  
  60  8:07  Marine  
  60  8:15  Marine x2  
  54  8:38  Marine  
  54  8:39  Marine x2  
  50  8:42  Medivac  
  50  8:43  SCV x2  
  50  8:46  Refinery  
  54  8:50  Supply Depot  
  54  8:52  Supply Depot, Engineering Bay  
  54  8:53  Engineering Bay  
  54  8:55  SCV x2  
  56  8:58  Marine x2  
  56  9:01  Barracks, Marine  
  59  9:07  SCV  
  59  9:15  Marine  
  59  9:16  Marine  
  61  9:19  Marine  
  62  9:33  Marine  
  62  9:34  Marine  
  62  9:36  Marine  
  62  9:51  Marine  
  52  9:57  Marine  
  52  9:58  Marine  
  49  10:00  Barracks Reactor  
  49  10:03  Medivac x2  
  49  10:04  Terran Infantry Armor Level 1, Terran Infantry Weapons Level 1  
  53  10:08  SCV x2  
  53  10:09  Armory, Marine, Supply Depot  
  56  10:15  Marine, Cyclone  
  56  10:20  SCV  
  56  10:21  SCV  
  61  10:25  Marine  
  61  10:27  Marine  
  63  10:32  SCV  
  63  10:35  Marine x2  
  65  10:42  Marine  
  66  10:43  Marine, Medivac x2  
  66  10:44  Marine  
  66  10:45  Combat Shields  
  66  10:48  Siege Tank  
  76  10:50  SCV  
  76  10:54  Marine x2  
  79  10:59  Barracks  
  79  11:00  Marine x2  
  81  11:12  Marine  
  81  11:13  Marine  
  81  11:14  Command Center  
  81  11:15  Marine  
  84  11:19  Medivac  
  84  11:21  Sensor Tower  
  86  11:56  Marine  
  86  11:57  Marine  
  86  11:58  Marine x3  
  86  12:00  Siege Tank  
  69  12:14  Marine  
  69  12:15  Marine  
  71  12:16  Marine x3  
  71  12:17  Terran Infantry Weapons Level 2, Barracks Tech Lab  
  71  12:18  Terran Infantry Armor Level 2  
  71  12:20  SCV  
  75  12:25  Supply Depot  
  75  12:26  Supply Depot  
  75  12:32  Marine  
  75  12:33  Marine, Siege Tank  
  75  12:34  Marine x3  
  75  12:35  Marine  
  84  12:37  SCV  
  84  12:39  Unknown  
  85  12:46  Orbital Command  
  85  12:50  Marine x2  
  87  12:52  Marine x3  
  87  12:53  Refinery, Marine  
  87  12:54  Refinery  
  91  12:59  Concussive Shells  
  79  13:07  SCV, Marine  
  79  13:08  Marine  
  79  13:10  Marine x3  
  79  13:11  Marine  
  86  13:21  Medivac x2  
  86  13:24  Terran Vehicle Weapons Level 1  
  86  13:25  Marine  
  86  13:26  Marine  
  92  13:28  Marine x3, Supply Depot  
  92  13:29  Marine  
  92  13:32  Supply Depot  
  84  13:51  Marine x3  
  84  13:52  Marine  
  84  13:54  Marine x2  
  90  13:59  Medivac x2  
  90  14:00  SCV x2  
  96  14:09  Marine x3  
  99  14:10  Marine  
  99  14:11  Marine  
  99  14:12  Missile Turret  
  99  14:13  Barracks x2  
  99  14:16  Marine  
  102  14:18  Missile Turret  
  102  14:20  Siege Tank  
  102  14:22  Missile Turret  
  102  14:23  Missile Turret  
  105  14:26  Marine  
  105  14:27  Marine  
  105  14:29  Medivac  
  109  14:36  Marine  
  87  14:46  Marine x2  
  87  14:47  Marine x3  
  87  14:51  Factory  
  87  14:52  Terran Infantry Weapons Level 3, Siege Tank  
  95  14:54  Marine  
  95  14:55  Terran Infantry Armor Level 3  
  96  15:04  Barracks Reactor, Barracks, Marine x4, Barracks Tech Lab  
  96  15:05  Marine  
  101  15:12  Marine  
  102  15:22  SCV x2, Marine x5  
  102  15:25  Marine  
  111  15:30  Marine  
  111  15:34  SCV  
  112  15:39  Orbital Command  
  112  15:40  Marine x4  
  116  15:47  Marine  
  114  16:03  Marine x2  
  114  16:05  Marine  
  114  16:08  Marine  
  116  16:13  Marine x2  
  116  16:14  Marine x2, Barracks Tech Lab  
  116  16:15  Marine  
  116  16:16  SCV  
  116  16:17  Refinery  
  122  16:21  Marine x2  
  122  16:23  Marine  
  122  16:25  SCV x2  
  126  16:26  Marine  
  126  16:28  SCV, Command Center  
  126  16:31  Marine x2  
  131  16:33  Marauder  
  133  16:47  Marine x2  
  133  16:48  Marine x2  
  133  16:49  Marine x4  
  133  16:50  SCV, Marine  
  133  16:54  Marine  
  103  17:05  Marine x2  
  103  17:06  Marine x2  
  103  17:07  Marine x3  
  99  17:11  Marine  
  98  17:16  Marine  
  98  17:20  Marine  
  90  17:23  Marine  
  90  17:25  Command Center  
  90  17:26  Marine x3  
  90  17:29  SCV x2  
  96  17:41  Command Center  
  96  17:45  Sensor Tower  
  96  17:47  Marine  
  96  17:48  Marine x2  
  94  17:52  Marine  
  94  17:55  Marine x2  
  94  17:56  Marine x2  
  94  17:58  Marine x2  
  93  18:05  Marine  
  88  18:06  Marine x2  
  88  18:15  Marine  
  86  18:27  Factory Tech Lab  
Show
View Real Time Build Order
Export as new Build Order

Musumeci Zerg - Winner!

Build Orders: Pool First, Ravager All-In 

Get SALT Encoding   

  12  0:19  Spawning Pool  
  11  0:23  Drone  
  11  0:26  Extractor  
  11  0:29  Drone  
  11  0:34  Drone  
  13  0:50  Overlord  
  13  1:02  Drone  
  14  1:05  Extractor  
  14  1:07  Roach Warren  
  12  1:15  Drone  
  13  1:24  Overlord  
  13  1:34  Zergling x2  
  18  1:47  Roach x2  
  18  1:53  Roach  
  20  2:07  Ravager  
  21  2:14  Ravager  
  22  2:42  Ravager  
  22  2:43  Roach  
  25  2:46  Roach  
  20  3:37  Ravager x2  
  20  3:41  Drone x3  
  25  3:51  Hatchery  
  24  4:28  Roach x2  
  19  4:54  Ravager x2  
  19  4:55  Queen  
  19  4:56  Drone  
  19  4:57  Drone x2  
  26  5:06  Queen  
  28  5:08  Drone  
  28  5:09  Drone  
  30  5:18  Overlord  
  30  5:21  Overlord  
  30  5:39  Drone x3  
  30  5:41  Drone  
  34  5:47  Roach  
  36  5:52  Drone  
  38  6:04  Zergling x2  
  38  6:05  Drone x4  
  38  6:10  Ravager  
  43  6:16  Overlord  
  43  6:17  Overlord  
  43  6:19  Drone  
  44  6:30  Lair  
  44  6:37  Roach x2  
  44  6:38  Evolution Chamber  
  44  6:39  Evolution Chamber  
  46  6:40  Drone x3  
  46  6:43  Drone x2  
  46  6:45  Drone  
  52  6:47  Drone  
  52  6:49  Drone  
  52  6:51  Drone  
  52  6:54  Drone  
  56  6:56  Drone  
  56  6:58  Ravager x2  
  59  7:01  Overlord  
  59  7:07  Overlord  
  59  7:25  Overlord  
  59  7:26  Roach  
  59  7:27  Roach x2  
  65  7:35  Glial Reconstitution  
  64  7:39  Roach  
  66  7:46  Extractor  
  66  7:47  Ravager x2  
  67  7:56  Spore Crawler  
  67  7:57  Spore Crawler  
  65  7:59  Spore Crawler  
  65  8:02  Drone x3  
  67  8:20  Ravager  
  67  8:21  Ravager  
  54  8:39  Drone x5  
  59  8:46  Extractor  
  59  8:47  Drone x8  
  59  8:48  Evolution Chamber x2  
  64  8:52  Hatchery  
  64  8:53  Drone  
  64  8:59  Roach x2  
  68  9:08  Overseer  
  65  9:12  Spore Crawler  
  65  9:15  Roach x2  
  65  9:20  Ravager  
  65  9:21  Ravager  
  67  9:35  Ravager  
  67  9:36  Roach x2  
  67  9:38  Ravager  
  66  9:56  Roach x6  
  75  10:02  Zerg Ground Armor Level 1, Zerg Missile Weapons Level 1  
  75  10:03  Drone x2, Extractor  
  76  10:11  Queen  
  76  10:12  Drone x2  
  80  10:19  Roach  
  82  10:32  Extractor  
  82  10:33  Overlord x4  
  81  10:36  Queen, Extractor  
  82  10:53  Drone  
  82  10:54  Drone x2  
  85  10:58  Ravager  
  85  10:59  Roach x8  
  102  11:06  Ravager x3  
  105  11:27  Ravager x3  
  108  11:36  Roach  
  108  11:37  Roach x2  
  106  12:01  Queen  
  106  12:06  Roach x5  
  103  12:14  Drone x3  
  106  12:19  Overlord  
  106  12:20  Overlord x2  
  106  12:29  Zerg Missile Weapons Level 2, Zerg Ground Armor Level 2  
  106  12:34  Infestation Pit  
  105  12:37  Queen  
  105  12:40  Ravager x6  
  113  12:46  Hatchery  
  113  12:49  Ravager x3  
  113  12:50  Ravager  
  116  12:53  Roach x7  
  116  12:55  Overlord x8  
  130  13:13  Queen  
  130  13:14  Ravager x2  
  130  13:16  Ravager x4  
  138  13:28  Hive  
  123  14:03  Roach x8  
  123  14:04  Roach x5  
  149  14:25  Drone  
  149  14:26  Drone x5  
  149  14:27  Drone, Extractor  
  149  14:28  Drone x3, Extractor  
  142  14:41  Roach x5  
  143  14:49  Zerg Missile Weapons Level 3, Zerg Ground Armor Level 3  
  143  15:11  Ravager x7  
  150  15:14  Overlord  
  150  15:16  Overlord  
  150  15:17  Overlord  
  150  15:18  Overlord  
  150  15:21  Overlord  
  150  15:33  Pneumatized Carapace  
  150  15:46  Roach x16  
  169  16:06  Hatchery  
  169  16:09  Roach x4  
  177  16:11  Drone x3  
  177  16:12  Drone  
  175  16:47  Extractor  
  175  16:48  Hatchery  
  175  16:51  Extractor  
  139  17:10  Roach x3  
  139  17:11  Roach x14  
  153  17:25  Ravager x2  
  153  17:26  Ravager x5  
  160  18:07  Ravager x12  
  160  18:08  Ravager x3  
  160  18:10  Ravager  
Tags
 
Add a new tag
Caveats
  • Supply blocks, unpowered buildings, or Contaminate may cause inaccurate times.
  • Supply counts are checked every 10 seconds.